 Dungeon Crawl Stone Soup version 0.28.0-53-g5a82cb258f (webtiles) character file.

Game seed: 3577078572881296550

1652 MisterFreud the Covert (level 9, -2/72 HPs)
             Began as a Gnoll Delver on June 19, 2022.
             Was a Priest of Cheibriados.
             Slain by a yak (11 damage)
             ... on level 7 of the Dungeon.
             The game lasted 00:06:32 (6258 turns).

MisterFreud the Covert (Gnoll Delver)               Turns: 6258, Time: 00:06:32

Health: -2/72      AC:  6    Str: 17    XL:     9   Next: 0%
Magic:  14/14      EV: 16    Int: 19    God:    Cheibriados [***...]
Gold:   235        SH:  0    Dex: 25    Spells: 15/15 levels left

rFire   . . .      SeeInvis .   h - +7 dagger of Shame {holy, Will+ rCorr Dex+4}
rCold   . . .      Faith    .   (no shield)
rNeg    . . .      Spirit   .   b - +0 leather armour
rPois   .          Reflect  .   (no helmet)
rElec   .          Harm     .   z - +1 cloak
rCorr   +          Rampage  .   t - +0 pair of gloves
Will    +++..                   (no boots)
Stlth   +++++.....              (no amulet)
HPRegen 0.22/turn               l - ring of willpower
MPRegen 0.14/turn               o - ring of willpower

@: studying Crossbows, very slow
A: fangs 1, strong nose, distributed training
a: Renounce Religion, Bend Time, Temporal Distortion


You were on level 7 of the Dungeon.
You worshipped Cheibriados.
Cheibriados was most pleased with you.
You visited 1 branch of the dungeon, and saw 7 of its levels.

You collected 235 gold pieces.

Inventory:

Hand Weapons
 h - the +7 dagger of Shame (weapon) {holy, Will+ rCorr Dex+4}
   (You found it on level 5 of the Dungeon)

   It has been blessed by the Shining One to cause great damage to the undead
   and demons.
   Dex:       It affects your dexterity (+4).
   rCorr:     It protects you from acid and corrosion.
   Will:      It increases your willpower.
 j - the +5 hand axe "Viucif" {venom, Fragile Str+6}
   (You found it on level 5 of the Dungeon)

   It poisons the flesh of those it strikes.
   Str:       It affects your strength (+6).
   Fragile:   It will be destroyed if unequipped.
 q - a +0 vorpal hunting sling
 u - a +4 vampiric quarterstaff
 y - the +8 trident of the Octopus King {venom, rElec rPois}
   (You found it on level 2 of the Dungeon)

   It poisons the flesh of those it strikes.
   rElec:     It insulates you from electricity.
   rPois:     It protects you from poison.
Missiles
 f - 8 boomerangs
 p - 7 poisoned darts (quivered)
Armour
 b - a +0 leather armour (worn)
 k - an orb of energy
 t - a +0 pair of gloves (worn)
 w - a +0 cloak
 z - a +1 cloak (worn)
Jewellery
 l - a ring of willpower (left hand)
 o - a ring of willpower (right hand)
Wands
 g - a wand of digging (3)
 x - a wand of paralysis (8)
Scrolls
 c - a scroll of fog
 d - 3 scrolls of magic mapping
 e - 6 scrolls of fear
 n - a scroll of enchant weapon
 r - 2 scrolls of teleportation
 B - a scroll of blinking
Potions
 a - a potion of attraction
 i - a potion of flight
 m - a potion of brilliance
 s - 4 potions of curing
 A - a potion of might {unknown}
 E - a potion of degeneration {unknown}


   Skills:
 + Level 7.6 Fighting
 + Level 6.0 Short Blades
 + Level 3.7 Long Blades
 + Level 3.7 Axes
 + Level 3.7 Maces & Flails
 + Level 3.7 Polearms
 + Level 3.7 Staves
 + Level 3.7 Slings
 + Level 3.7 Bows
 + Level 3.7 Crossbows
 + Level 3.7 Throwing
 + Level 3.7 Armour
 + Level 6.0 Dodging
 + Level 10.3 Stealth
 + Level 3.7 Shields
 + Level 3.7 Unarmed Combat
 + Level 3.7 Spellcasting
 + Level 3.1 Conjurations
 + Level 3.1 Hexes
 + Level 3.1 Summonings
 + Level 3.1 Necromancy
 + Level 3.1 Translocations
 + Level 3.1 Transmutations
 + Level 3.1 Fire Magic
 + Level 3.1 Ice Magic
 + Level 3.1 Air Magic
 + Level 3.1 Earth Magic
 + Level 3.1 Poison Magic
 + Level 4.1 Invocations
 + Level 3.7 Evocations


You had 15 spell levels left.
You didn't know any spells.
Your spell library contained the following spells:

 Spells                   Type           Power      Damage    Failure   Level
 Magic Dart               Conj           60%        1d6       4%          1
 Searing Ray              Conj           30%        2d5       7%          2
 Sublimation of Blood     Necr           15%        N/A       7%          2
 Wereblood                Tmut           15%        N/A       7%          2
 Frozen Ramparts          Ice            30%        1d5       14%         3
 Stone Arrow              Conj/Erth      30%        3d8       14%         3
 Animate Armour           Summ/Erth      30%        N/A       43%         4
 Fulminant Prism          Conj/Hex       7%         3d7       43%         4
 Ice Form                 Ice/Tmut       15%        N/A       43%         4
 Summon Ice Beast         Ice/Summ       15%        N/A       43%         4
 Summon Hydra             Summ           7%         N/A       100%        7
 Lehudib's Crystal Spear  Conj/Erth      7%         10d3      100%        8


Dungeon Overview and Level Annotations

Branches:
Dungeon (7/15)             Temple (0/1) D:4

Altars:
Cheibriados
Nemelex Xobeh
Sif Muna
Zin
The Shining One

Shops:
D:4 *:   D:6 :(


Innate Abilities, Weirdness & Mutations

You have very sharp teeth.
Your uncanny sense of smell can sniff out nearby items.
Your experience applies equally to all skills.


Message History

The yak bellows!
The yak bellows!
You hit the yak.
The yak is lightly wounded.
You barely miss the yak.
The yak is lightly wounded.
The yak gores you!
You hit the yak.
The yak is lightly wounded.
The yak barely misses you. x2
The yak misses you.
You barely miss the yak.
The yak is lightly wounded.
You hit the yak.
The yak is lightly wounded.
The yak closely misses you.
You hit the yak but do no damage.
The yak is lightly wounded.
You puncture the yak!
The yak is moderately wounded.
You puncture the yak!
The yak is moderately wounded.
The yak closely misses you.
You puncture the yak!
The yak is severely wounded.
The yak gores you!
You barely miss the yak.
The yak is moderately wounded.
The yak gores you! x2
You hit the yak.
The yak is severely wounded.
The yak gores you!
* * * LOW HITPOINT WARNING * * *
The yak misses you.
You puncture the yak! You bite the yak, but do no damage.
The yak is almost dead.
The yak gores you.
* * * LOW HITPOINT WARNING * * *
The yak gores you!
You die...

.....####.##.##.......#
.....# #.##.##.......#
..### #.##..+.......# ..
#.#####.......# .∆ #...#
#.......# ..#####+###.#
#.......# .....÷.....<#
#.......#####
#.........#####YYY.........
#...............@#.........
#...............>#YY.......
#.............(..#.........
#................#.?.......
#................#.........
##########.......#.........
#.......##########
#........


You could see 3 yaks.

Vanquished Creatures
  A wyvern (D:7)
  A wraith (D:7)
  A steam dragon (D:7)
  A water moccasin (D:7)
  2 black bears (D:5)
  A necrophage (D:6)
  A centaur (D:7)
  A phantom (D:5)
  A bullfrog (D:6)
  A scorpion (D:5)
  A howler monkey (D:7)
  3 hounds
  Crazy Yiuf (D:4)
  2 jellies
  2 iguanas
  2 orc wizards (D:6)
  Natasha (thrice) (D:3)
  A killer bee zombie (D:6)
  A hound skeleton (D:4)
  4 gnolls
  3 adders
  A shadow imp (D:7)
  An ufetubus (D:4)
  A worm (D:2)
  2 dart slugs (D:2)
  8 orcs
  2 endoplasms
  4 giant cockroaches
  9 goblins
  5 hobgoblins
  3 quokkas
  2 ball pythons
  4 bats
  2 frilled lizards (D:1)
  5 kobolds
  4 rats
87 creatures vanquished.

Vanquished Creatures (others)
  4 fungi (D:7)
4 creatures vanquished.

Grand Total: 91 creatures vanquished

Notes
Turn   | Place    | Note
-------+----------+-------------------------------------------
     0 | D:5      | Reached skill level 9 in Stealth
     0 | D:5      | MisterFreud the Gnoll Delver began the quest for the Orb.
     0 | D:5      | Reached XP level 1. HP: 23/23 MP: 1/1
     1 | D:6      | Noticed an orc wizard
     6 | D:6      | Noticed an orc wizard
     7 | D:6      | Killed an orc wizard
     8 | D:6      | Reached XP level 2. HP: 29/29 MP: 2/2
     8 | D:6      | Reached XP level 3. HP: 35/35 MP: 3/3
    16 | D:5      | Found a snail-covered altar of Cheibriados.
    26 | D:5      | Became a worshipper of Cheibriados the Contemplative
    44 | D:5      | Identified the +7 dagger of Shame {holy, Will+ rCorr Dex+4}
   105 | D:5      | Identified the +5 hand axe "Viucif" {venom, Fragile Str+6}
   105 | D:5      | Noticed a black bear
   109 | D:5      | Killed a black bear
   110 | D:5      | Reached skill level 1 in Long Blades
   110 | D:5      | Reached skill level 1 in Axes
   110 | D:5      | Reached skill level 1 in Maces & Flails
   110 | D:5      | Reached skill level 1 in Polearms
   110 | D:5      | Reached skill level 1 in Staves
   110 | D:5      | Reached skill level 1 in Slings
   110 | D:5      | Reached skill level 1 in Bows
   110 | D:5      | Reached skill level 1 in Crossbows
   110 | D:5      | Reached skill level 1 in Throwing
   110 | D:5      | Reached skill level 1 in Armour
   110 | D:5      | Reached skill level 1 in Shields
   110 | D:5      | Reached skill level 1 in Unarmed Combat
   110 | D:5      | Reached skill level 1 in Spellcasting
   110 | D:5      | Reached skill level 1 in Conjurations
   110 | D:5      | Reached skill level 1 in Hexes
   110 | D:5      | Reached skill level 1 in Summonings
   110 | D:5      | Reached skill level 1 in Necromancy
   110 | D:5      | Reached skill level 1 in Translocations
   110 | D:5      | Reached skill level 1 in Transmutations
   110 | D:5      | Reached skill level 1 in Fire Magic
   110 | D:5      | Reached skill level 1 in Ice Magic
   110 | D:5      | Reached skill level 1 in Air Magic
   110 | D:5      | Reached skill level 1 in Earth Magic
   110 | D:5      | Reached skill level 1 in Poison Magic
   110 | D:5      | Reached skill level 1 in Invocations
   110 | D:5      | Reached skill level 1 in Evocations
   110 | D:5      | Reached XP level 4. HP: 41/41 MP: 3/5
   110 | D:5      | Reached XP level 5. HP: 47/47 MP: 3/6
   160 | D:4      | You fall into a shaft and drop 2 floors!
   160 | D:6      | Noticed a necrophage
   359 | D:6      | Killed a necrophage
   360 | D:6      | Reached XP level 6. HP: 48/53 MP: 8/8
   398 | D:6      | Reached skill level 5 in Short Blades
   398 | D:6      | Reached skill level 5 in Dodging
   728 | D:4      | Found a staircase to the Ecumenical Temple.
   823 | D:4      | Found a glowing silver altar of Zin.
   899 | D:4      | Found Yliapeg's Overcharged Wands.
   953 | D:3      | Reached XP level 7. HP: 59/59 MP: 10/10
  1207 | D:1      | Reached * piety under Cheibriados
  1586 | D:1      | Found a faded altar of an unknown god.
  2467 | D:2      | Found the +8 trident of the Octopus King {venom, rElec
                  | rPois}
  2680 | D:3      | Noticed Natasha
  2688 | D:3      | Killed Natasha
  2715 | D:3      | Reached ** piety under Cheibriados
  3071 | D:3      | Found a sparkling altar of Nemelex Xobeh.
  3187 | D:3      | Noticed Natasha
  3191 | D:3      | Killed Natasha
  3333 | D:3      | Noticed Natasha
  3339 | D:3      | Killed Natasha
  3570 | D:4      | Found Erghatuh's Book Emporium.
  3703 | D:4      | Found a runed translucent door.
  3704 | D:4      | Noticed Crazy Yiuf
  3751 | D:4      | Found a shimmering blue altar of Sif Muna.
  3988 | D:4      | Killed Crazy Yiuf
  4145 | D:5      | Reached skill level 10 in Stealth
  5182 | D:6      | Found Zaerosus's Book Boutique.
  5209 | D:6      | Reached XP level 8. HP: 64/67 MP: 12/12
  5239 | D:6      | Found Vupp's Antique Weapon Emporium.
  5595 | D:6      | Found a glowing golden altar of the Shining One.
  5696 | D:7      | Noticed a wyvern
  5722 | D:7      | Killed a wyvern
  6042 | D:7      | Noticed a wraith
  6059 | D:7      | Reached *** piety under Cheibriados
  6073 | D:7      | Killed a wraith
  6074 | D:7      | Reached XP level 9. HP: 44/72 MP: 14/14
  6258 | D:7      | Slain by a yak

Illustrated notes

Levels and vault maps discovered:
D:1:      erik_arrival_cave_to_civilisation [erik_arrival_cave_to_hall],
          layout_loops_ring, chequers_ecumenical_altar_grove
D:2:      layout_loops_ring, minmay_close_crescents
D:3:      layout_basic, old_standard_altar, uniq_natasha
D:4:      layout_basic, marbit_many_paths, mainiacjoe_overflow_small_starburst,
          minmay_temple_entry_waves, serial_shops, kennysheep_mini_moat,
          nicolae_shop_overcharged_wands, uniq_crazy_yiuf_cottage
D:5:      wander_river, layout_layer_cave, lemuel_crystal_altar
D:6:      layout_basic, kennysheep_mini, serial_shops, nicolae_shop_crystal,
          nicolae_shop_crystal, minivault_23
D:7:      layout_basic, mainiacjoe_overflow_chevrons, minmay_crystal_water,
          minmay_manual_monstrance

Skill      XL: |  1  2  3  4  5  6  7  8 |
---------------+-------------------------+-----
Stealth        | 10 | 10.3
Long Blades    | 1 2 3 |  3.7
Axes           | 1 2 3 |  3.7
Maces & Flails | 1 2 3 |  3.7
Polearms       | 1 2 3 |  3.7
Staves         | 1 2 3 |  3.7
Slings         | 1 2 3 |  3.7
Bows           | 1 2 3 |  3.7
Crossbows      | 1 2 3 |  3.7
Throwing       | 1 2 3 |  3.7
Armour         | 1 2 3 |  3.7
Shields        | 1 2 3 |  3.7
Unarmed Combat | 1 2 3 |  3.7
Spellcasting   | 1 2 3 |  3.7
Conjurations   | 1 2 3 |  3.1
Hexes          | 1 2 3 |  3.1
Summonings     | 1 2 3 |  3.1
Necromancy     | 1 2 3 |  3.1
Translocations | 1 2 3 |  3.1
Transmutations | 1 2 3 |  3.1
Fire Magic     | 1 2 3 |  3.1
Ice Magic      | 1 2 3 |  3.1
Air Magic      | 1 2 3 |  3.1
Earth Magic    | 1 2 3 |  3.1
Poison Magic   | 1 2 3 |  3.1
Invocations    | 1 2 3 4 |  4.1
Evocations     | 1 2 3 |  3.7
Short Blades   | 5 6 |  6.0
Dodging        | 5 6 |  6.0
Fighting       | 7 |  7.6

Action                   |  1- 3 |  4- 6 |  7- 9 || total
-------------------------+-------+-------+-------++-------
Melee: Short sword       |     2 |       |       ||     2
       Dagger            |     1 |    33 |   190 ||   224
       Punch             |       |     3 |     2 ||     5
       Bite              |       |     3 |    21 ||    24
  Use: Scroll            |       |       |    14 ||    14
       Potion            |       |       |     2 ||     2
 Stab: Sleeping          |     3 |     3 |    30 ||    36
Armor: Leather armour    |       |     4 |    29 ||    33
Dodge: Dodged            |       |    28 |   105 ||   133
